Unix NetHack Version 5.0.0-0 post-release - last build May  4 2026 22:22:43 (774f63e81ad911689b3a0859ea89b322d5daca8d,branch:main).

Game began 2026-05-08 15:36:04, ended 2026-05-08 16:48:32.

2461479678, lawful female human Valkyrie

                                                                        -----
                                                              -----    --.|.--
                       -----                        ---    ----...--   |>....|
                       |...----                   ---.--  --.......| ----...-|
                       --.....--          ----    |....-- |....--..| |..|-...--
                    ----|.`....|          |..---  |.....----.^.|---- |..--%...|
                    |..--.....--          |....|  --...).---..-|   ----......--
                    |..G.[...--          ----.*|   |........<..-----.||...%..|
                  ---.hG.....|          --....`--  ##..#--.......--..--......--
                  |.......h---          |..--...|  `#### |....................|
                  |.......--            |.---...|  #######...........---.....--
                  |...%.@G|  ----      --.||..------###..##-.........| --...--
                  ---.....---|..|-------..||..| |........#-#.......--- --...|
                    |......|.|..|......^..||..---.--###....).---..--   |....|
                    |.---.........----------......|   #......| ----    |.--.|
                    |.............|       |....(---   #.....-|         -- |.---
                 |......--...n..---       |.....*|    |......-            |...|
                 --... - -.......-        --...---    --.`....|           ---.|
                  --... |.....|...|        |..--       ---....|            |..|
                   --.- --.|.---..|        ----          ---.--            |..|
                    ---  -----  ---                         --             ----
2461479678 the Skirmisher   St:16 Dx:12 Co:18 In:8 Wi:9 Ch:10  Lawful
Dlvl:6  $:38 HP:0(51) Pw:13(13) AC:6  Xp:5 T:3120 

Latest messages:
 The aklys hits the gnome lord.
 The gnome lord picks up an aklys.
 The gnome lord wields an aklys!
 The gnome lord secures the tether on the aklys.
 The gnome lord throws an aklys!
 You are hit by an aklys.
 The gnome hits!
 You kill the gnome!
 You see here a gnome corpse.
 You kill the iguana!
 The gnome lord throws an aklys!
 An aklys misses you.
 The gnome lord throws an aklys!
 An aklys misses you.
 The gnome swings her aklys.
 The gnome hits!
 The gnome throws an aklys!
 You are hit by an aklys.
 What do you want to throw? [$bhistyDN or ?*] <space>
 Never mind.
 What do you want to wear? [IJK or ?*] <space>
 Never mind.
 What do you want to write with? [- abhikqstyDHMN or ?*] -
 You write in the dust with your fingertip.
 What do you want to write in the dust here? Elbereth
 The gnome lord throws an aklys!
 An aklys misses you.
 The gnome lord throws an aklys!
 You are hit by an aklys!
 The gnome lord throws an aklys!
 The aklys hits the gnome.
 The gnome throws an aklys!
 The aklys hits the gnome lord.
 Something is written here in the dust.
 You read: "E||cret?".
 The gnome lord hits!
 The gnome lord picks up an aklys.
 The gnome lord wields an aklys!
 The gnome lord secures the tether on the aklys.
 The gnome lord throws an aklys!
 You are hit by an aklys!
 Valkyrie, your life force is running out.
 You swap places with the peaceful dwarf.
 The gnome hits!
 You die...
 Do you want your possessions identified? [ynq] (y) n
 Do you want to see your attributes? [ynq] (y) n
 Do you want an account of creatures vanquished? [ynaq] (y) n
 Do you want to see your conduct and achievements? [ynq] (y) n
 Do you want to see the dungeon overview? [ynq] (y) y

Inventory:
 Coins    ('$')
  $ - 38 gold pieces
 Weapons  (')')
  N - a blessed +1 arrow
  i - 6 cursed -1 arrows
  h - a cursed +3 crossbow
  s - 14 +0 darts
  t - 6 blessed +0 shuriken
  b - a +0 dagger (alternate weapon; not wielded)
  y - a +0 elven spear (at the ready)
  a - a +1 spear (weapon in right hand)
  D - a +0 aklys
 Armor    ('[')
  I - an uncursed +0 pair of iron shoes
  x - an uncursed +0 large shield
  c - an uncursed +3 small shield (being worn)
  J - a cursed -2 dwarvish cloak
  K - an uncursed +0 mummy wrapping
 Comestibles  ('%')
  F - 2 uncursed tins of deep fried jackal meat
 Spellbooks  ('+')
  v - an uncursed spellbook of confuse monster
  f - an uncursed spellbook of dig
  o - an uncursed spellbook of force bolt
  u - an uncursed spellbook of healing
 Potions  ('!')
  A - an uncursed potion of blindness
  l - a cursed potion of blindness
  p - an uncursed potion of extra healing
  w - a cursed potion of extra healing
  E - a cursed potion of hallucination
  L - 2 blessed potions of oil
 Wands    ('/')
  M - a wand of nothing (0:14)
 Tools    ('(')
  q - a magic marker (0:83)
  j - a cursed +0 pick-axe
  n - a cursed skeleton key
  r - a cursed tin opener
 Gems/Stones  ('*')
  H - an uncursed worthless piece of black glass
  k - 2 cursed worthless pieces of yellowish brown glass

2461479678 the Valkyrie's attributes:

Background:
 You were a Skirmisher, a level 5 human Valkyrie.
 You were lawful, nominally on a mission for Tyr
 who was opposed by Odin (neutral) and Loki (chaotic).
 You were right-handed.
 You were in the Gnomish Mines, on level 6.
 You entered the dungeon 3120 turns ago.
 You had 262 experience points, 58 more were needed to attain level 6.

Basics:
 You had 0 out of 51 hit points.
 You had all 13 energy points (spell power).
 Your armor class was 6.
 Your wallet contained 38 zorkmids.
 Autopickup was off.

Final Characteristics:
 Your strength was 16 (peak:18/02, limit:18/100).
 Your dexterity was 12 (limit:18).
 Your constitution was 18 (limit:18).
 Your intelligence was 8 (limit:18).
 Your wisdom was 9 (limit:18).
 Your charisma was 10 (limit:18).

Final Status:
 You weren't hungry.
 You were unencumbered.
 You were wielding a spear.
 You had basic skill with spear and could have enhanced that.

Final Attributes:
 You were piously aligned.
 You were cold resistant.
 You were sleep resistant.
 You were stealthy.
 You are dead.

Miscellaneous:
 You didn't encounter any bones levels.
 Total elapsed playing time was 1 hour, 9 minutes and 45 seconds.

Major events:
 Turn
    1: 2461479678 the lawful human Valkyrie entered the dungeon
 1757: attained the rank of Skirmisher (level 3)
 1781: entered the Gnomish Mines
 3120: killed by a gnome

You didn't know any spells.

Skills:
 Fighting Skills
   bare handed combat [Unskilled]
   two weapon combat  [Unskilled]
   riding             [Unskilled]
 Weapon Skills
   dagger             [Basic]
   axe                [Unskilled]
   pick-axe           [Unskilled]
   short sword        [Unskilled]
   broadsword         [Unskilled]
   long sword         [Unskilled]
   two-handed sword   [Unskilled]
   saber              [Unskilled]
   hammer             [Unskilled]
   quarterstaff       [Unskilled]
   polearms           [Unskilled]
   spear              [Basic]
   trident            [Unskilled]
   lance              [Unskilled]
   sling              [Unskilled]
 Spellcasting Skills
   attack spells      [Unskilled]
   escape spells      [Unskilled]

Voluntary challenges:
 Character rerolling was not enabled.
 You were an atheist.
 You never genocided any monsters.
 You never polymorphed an object.
 You never changed form.
 You used no wishes.
Achievements:
 You attained the rank of Skirmisher.
 You entered the Gnomish Mines.

 The Dungeons of Doom: levels 1 to 4
    Level 1:
       A fountain.
    Level 2:
       A fountain, a sink.
    Level 3:
       A fountain.
    Level 4:
       A fountain.
       Stairs down to The Gnomish Mines.
 The Gnomish Mines: levels 5 to 6
    Level 5:
    Level 6: <- You were here.
       Final resting place for
          you, killed by a gnome.


Vanquished creatures:
  a pony
  a violet fungus
  2 gnome leaders
  a kobold mummy
  2 gray oozes
  4 giant ants
  2 dwarves
  a homunculus
  a rothe
  a giant bat
 an iguana
 an acid blob
  a coyote
  2 hobgoblins
  4 giant rats
  a yellow mold
 15 gnomes
  2 gnome zombies
  a gecko
  5 jackals
  3 foxes
  a kobold
  3 goblins
 10 grid bugs
  a lichen
  2 kobold zombies
 11 newts
80 creatures vanquished.

No species were genocided or became extinct.

Game over:
                       ----------
                      /          \
                     /    REST    \
                    /      IN      \
                   /     PEACE      \
                  /                  \
                  |    2461479678    |
                  |      38 Au       |
                  |   killed by a    |
                  |      gnome       |
                  |                  |
                  |                  |
                  |       2026       |
                 *|     *  *  *      | *
        _________)/\\_//(\/(/\)/\//\/|_)_______

Farvel 2461479678 the Valkyrie...

You died in The Gnomish Mines on dungeon level 6 with 1333 points,
and 38 pieces of gold, after 3120 moves.
You were level 5 with a maximum of 51 hit points when you died.

